 Dungeon Sprint DCSS version 0.20-a0-1122-gb7cbeb9 (webtiles) character file.

359 potatolord6000 the Blocker (level 6, -11/63 HPs)
             Began as a Minotaur Fighter on May 11, 2017.
             Was an Initiate of Gozag.
             Mangled by a two-headed ogre
             ... wielding a +0 giant club
              (30 damage)
             ... in the Dungeon (Sprint IX: "|||||||||||||||||||||||||||||").
             The game lasted 00:01:00 (114 turns).

potatolord6000 the Blocker (Minotaur Fighter)        Turns: 114, Time: 00:01:01

Health: -11/63     AC: 13    Str: 27    XL:     6   Next: 37%
Magic:  5/5        EV:  7    Int: 11    God:    Gozag
Gold:   0          SH: 12    Dex: 10    Spells: 5/5 levels left

rFire    . . .     SeeInvis .   p - +3 war axe (freeze)
rCold    . . .     Gourm    .   c - +0 shield
rNeg     . . .     Faith    .   q - +1 chain mail
rPois    .         Spirit   .   (helmet restricted)
rElec    .         Reflect  .   (no cloak)
rCorr    .         Harm     .   a - +0 pair of gloves
MR       .....     NoTele   +   (no boots)
Stlth    ..........             (no amulet)
Regen    0.2/turn               b - +3 ring of intelligence
MPRegen  0.1/turn               r - +3 ring of intelligence

@: mighty
A: retaliatory headbutt, horns 2
a: Potion Petition, Call Merchant, Bribe Branch, Renounce Religion


You were in the Dungeon.
You worshipped Gozag.
Gozag was noncommittal.
You were not hungry.

You visited 1 branch

Inventory:

Hand Weapons
 p - a +3 war axe of freezing (weapon)
Armour
 a - a +0 pair of gloves (worn)
 c - a +0 shield (worn)
 q - a +1 chain mail (worn)
Jewellery
 b - a +3 ring of intelligence (left hand)
 r - a +3 ring of intelligence (right hand)
Wands
 o - a wand of iceblast (7/15)
Scrolls
 k - 2 scrolls of blinking
 m - 3 scrolls of remove curse
 n - 2 scrolls of amnesia
Potions
 e - 5 potions of curing
 g - 3 potions of heal wounds
 h - a potion of haste
 i - 4 potions of magic
 j - a potion of berserk rage
 l - a potion of invisibility
Comestibles
 f - a bread ration


   Skills:
 + Level 9.0 Fighting
 + Level 8.5 Axes
 + Level 9.0 Armour
 + Level 9.0 Shields


You had 5 spell levels left.
You didn't know any spells.

Dungeon Overview and Level Annotations

Branches:
Dungeon (1/1)

Altars:
Cheibriados
Dithmenos
Elyvilon
Fedhas
Gozag
Hepliaklqana
Kikubaaqudgha
Makhleb
Nemelex Xobeh
Okawaru
Qazlal
Ru
Sif Muna
Trog
Uskayaw
Vehumet
Wu Jian
Xom
Yredelemnul
Zin
The Shining One
Beogh
Jiyva
Lugonu


Innate Abilities, Weirdness & Mutations

You reflexively headbutt those who attack you in melee.
You have a pair of horns on your head.


Message History

You freeze the bullfrog.
You kill the bullfrog!
Your Axes skill increases to level 8!
You slice the orc priest!! You freeze the orc priest.
You kill the orc priest!
Your Fighting skill increases to level 9!
Your Armour skill increases to level 9!
Your Shields skill increases to level 9!
You slice the two-headed ogre!! You freeze the two-headed ogre!
The two-headed ogre is severely wounded.
The two-headed ogre hits you with a giant club.
* * * LOW HITPOINT WARNING * * *
The two-headed ogre barely misses you.
You hit the two-headed ogre. You freeze the two-headed ogre.
You headbutt the two-headed ogre, but do no damage.
The two-headed ogre is almost dead.
The wight hits you but does no damage.
The two-headed ogre hits you with a giant club!!
You die...
Your body crumbles into a pile of gold. $$$$$ $ $ $ $$$$$ $$$$$$ $ $ ▓▓▓▓▓▓▓▓▓▓▓▓▓▓▓▓▓▓▓▓▓▓▓▓ .....zO@.[[.)|..'_______ ▓▓▓▓▓▓▓▓▓▓▓▓▓▓▓▓▓▓▓▓▓▓▓▓

You could see a two-headed ogre and a wight.

Vanquished Creatures
  A hippogriff (D)
  A bullfrog (D)
  A crimson imp (D)
  An orc priest (D)
  A hound (D)
  A worker ant (D)
  An adder skeleton (D)
  A giant cockroach (D)
  A goblin (D)
  2 hobgoblins (D)
  A kobold (D)
  A quokka (D)
  A ball python zombie (D)
14 creatures vanquished.

Notes
Turn   | Place    | Note
-------+----------+-------------------------------------------
     0 | D        | potatolord6000 the Minotaur Fighter began the quest for the Orb.
     0 | D        | Reached XP level 1. HP: 19/19 MP: 0/0
    16 | D        | Noticed a hound
    16 | D        | Noticed a worker ant
    17 | D        | Reached XP level 2. HP: 25/27 MP: 1/1
    21 | D        | Reached skill level 5 in Fighting
    21 | D        | Reached skill level 5 in Armour
    21 | D        | Reached skill level 5 in Shields
    21 | D        | Reached XP level 3. HP: 28/36 MP: 2/2
    28 | D        | Reached skill level 5 in Axes
    35 | D        | Found a roughly hewn altar of Beogh.
    35 | D        | Found a snail-covered altar of Cheibriados.
    35 | D        | Found a shadowy altar of Dithmenos.
    35 | D        | Found a white marble altar of Elyvilon.
    35 | D        | Found a blossoming altar of Fedhas.
    35 | D        | Found an opulent altar of Gozag.
    36 | D        | Found a hazy altar of Hepliaklqana.
    37 | D        | Found a viscous altar of Jiyva.
    38 | D        | Found an ancient bone altar of Kikubaaqudgha.
    39 | D        | Found a corrupted altar of Lugonu.
    40 | D        | Found a burning altar of Makhleb.
    41 | D        | Found a sparkling altar of Nemelex Xobeh.
    42 | D        | Found an iron altar of Okawaru.
    43 | D        | Became a worshipper of Gozag Ym Sagoz the Greedy
    44 | D        | Found a stormy altar of Qazlal.
    45 | D        | Found a sacrificial altar of Ru.
    46 | D        | Found a deep blue altar of Sif Muna.
    47 | D        | Found a bloodstained altar of Trog.
    48 | D        | Found a hide-covered altar of Uskayaw.
    49 | D        | Found a radiant altar of Vehumet.
    50 | D        | Found an ornate altar of the Wu Jian Council.
    51 | D        | Found a shimmering altar of Xom.
    52 | D        | Found a basalt altar of Yredelemnul.
    53 | D        | Found a glowing silver altar of Zin.
    54 | D        | Found a glowing golden altar of the Shining One.
   103 | D        | Noticed a two-headed ogre
   103 | D        | Noticed a bullfrog
   103 | D        | Noticed a hippogriff
   104 | D        | Reached XP level 4. HP: 45/45 MP: 3/3
   110 | D        | Killed a hippogriff
   110 | D        | Reached XP level 5. HP: 18/53 MP: 4/4
   110 | D        | Reached XP level 6. HP: 21/61 MP: 5/5
   114 | D        | Mangled by a two-headed ogre

Vault maps used:
D:        linesprint

Skill      XL: |  1  2  3  4  5  6 |
---------------+-------------------+-----
Axes           | 3 4 5 7 8 |  8.5
Armour         | 4 5 6 8 9 |  9.0
Fighting       | 4 5 6 8 9 |  9.0
Shields        | 4 5 6 8 9 |  9.0

Action                   |  1- 3 |  4- 6 || total
-------------------------+-------+-------++-------
Melee: War axe           |    19 |     9 ||    28
       Headbutt          |     2 |     2 ||     4
  Use: Potion            |       |     1 ||     1
Armor: Scale mail        |     3 |       ||     3
       Chain mail        |       |     4 ||     4
Dodge: Dodged            |     9 |     3 ||    12
Block: Shield            |     5 |     6 ||    11
